 Dungeon Crawl Stone Soup version 0.26.0-10-g1f06aea511 (webtiles) character file.

Game seed: 4750858571816507529

1169 Borgoz the Slasher (level 8, -2/67 HPs)
             Began as a Ghoul Gladiator on Jan 30, 2021.
             Was a Follower of Dithmenos.
             Slain by a killer bee (8 damage)
             ... on level 5 of the Dungeon.
             The game lasted 00:08:32 (5702 turns).

Borgoz the Slasher (Ghoul Gladiator)                Turns: 5702, Time: 00:08:33

Health: -2/67      AC:  4    Str: 18    XL:     8   Next: 40%
Magic:  7/7        EV: 28    Int:  3    God:    Dithmenos [*.....]
Gold:   314        SH:  0    Dex: 12    Spells: 7/7 levels left

rFire    . . .     SeeInvis .   a - +0 long sword
rCold    + + .     Faith    .   (no shield)
rNeg     + + +     Spirit   .   u - +0 leather armour
rPois    ∞         Reflect  .   c - +0 helmet
rElec    .         Harm     .   (no cloak)
rCorr    .         Rampage  .   (no gloves)
Will     .....                  (no boots)
Stlth    +.........             i - amulet of the acrobat
HPRegen  0.00/turn              x - ring of protection from cold
MPRegen  0.10/turn              (no ring)

@: acrobat, hasted (expiring), wreathed by umbra, very quick
A: claws 1, cold resistance 1, negative energy resistance 3, inhibited
regeneration, torment resistance, unbreathing
a: Renounce Religion


You were on level 5 of the Dungeon.
You worshipped Dithmenos.
Dithmenos was aware of your devotion.
You visited 1 branch of the dungeon, and saw 5 of its levels.

You collected 314 gold pieces.

Inventory:

Hand Weapons
 a - a +0 long sword (weapon)
 b - a +0 short sword of draining
Missiles
 d - a throwing net (quivered)
Armour
 c - a +0 helmet (worn)
 u - a +0 leather armour (worn)
Jewellery
 i - an amulet of the acrobat (around neck)
 x - a ring of protection from cold (left claw)
Scrolls
 e - 3 scrolls of amnesia
 g - 3 scrolls of remove curse
 h - a scroll of immolation
 j - a scroll of noise {unknown}
 m - a scroll of magic mapping {unknown}
 n - a scroll of fear {unknown}
 q - a scroll of teleportation {unknown}
 r - a scroll of enchant armour
 s - a scroll of enchant weapon {unknown}
Potions
 k - 2 potions of haste
 l - 2 potions of flight {unknown}
 o - a potion of brilliance
 v - a potion of lignification


   Skills:
 + Level 4.8 Fighting
 * Level 5.8 Long Blades
 - Level 1.7 Throwing
 * Level 4.8 Armour
 + Level 4.5 Dodging


You had 7 spell levels left.
You didn't know any spells.
Your spell library contained the following spells:

 Spells                   Type           Power        Failure   Level
 Beastly Appendage        Tmut           Unusable     N/A         1
 Wereblood                Tmut           Unusable     N/A         2
 Spider Form              Tmut/Pois      Unusable     N/A         3
 Ice Form                 Ice/Tmut       Unusable     N/A         4
 Blade Hands              Tmut           Unusable     N/A         5

Dungeon Overview and Level Annotations

Branches:
Dungeon (5/15)
 Temple: D:4-7

Altars:
Dithmenos
Kikubaaqudgha
Qazlal
Trog
Vehumet

Annotations:
D:5 1 runed translucent door, 2 transporters, Wendigo's ghost, novice VSBr


Innate Abilities, Weirdness & Mutations

You thrive by killing the living.
You are immune to poison.
You have sharp fingernails.
Your flesh is cold resistant. (rC+)
You are immune to negative energy. (rN+++)
You do not regenerate when monsters are visible.
You are immune to unholy pain and torment.
You can survive without breathing.


Message History

The killer bee is heavily wounded.
The killer bee misses you. The killer bee misses you.
The killer bee completely misses you. The killer bee completely misses you.
The killer bee misses you.
You see here a +0 leather armour.
Things that are here:
a +0 dagger; a +0 robe The killer bee misses you.
The killer bee completely misses you.
You riposte.
You hit the killer bee but do no damage.
Your extra speed is starting to run out.
The killer bee completely misses you.
You riposte.
You hit the killer bee.
Flame seeps out of the killer bee.
The killer bee is lightly wounded.
The killer bee is engulfed in blazing flames.
Flame seeps out of the killer bee.
The killer bee stings you!
You die...

.................#######†###
...#############.##### #.#
...........†.........# #[#
.#.#############.##### #.#
.#.#############.# #.#
.#....<..........# #†#
.#.###.#########.# ### #.#
.#.# #.# #.# #.# #.# ...#
#.# #@# #.# #.# ...###.##
#y# #.# #.# ...#....# #.#
#.# #.# ...#.#..# #°# #.#
#.# ...#.#..########y###.#
#.# .....#..........y....#
#.# .......########..#.#.#
#.# ......)# #####..#.#.#
#.# .......#
#.y.#..#.#.###.#


You could see 3 killer bees.

Vanquished Creatures
  2 soldier ants (D:5)
  A water moccasin (D:5)
  An ogre (D:5)
  4 killer bees (D:5)
  3 orc wizards
  8 worker ants (D:5)
  2 hound skeletons (D:5)
  4 gnolls
  13 adders
  A white imp (D:5)
  An ufetubus (D:5)
  2 oozes (D:2)
  2 adder skeletons
  3 worms (D:2)
  4 dart slugs
  4 leopard geckos
  9 orcs
  A ball python (D:3)
  7 giant cockroaches
  4 goblins
  4 hobgoblins
  4 jackals (D:3)
  8 kobolds
  A quokka (D:3)
  7 bats
  5 frilled lizards
  10 rats
115 creatures vanquished.

Vanquished Creatures (others)
  6 plants (D:5)
6 creatures vanquished.

Grand Total: 121 creatures vanquished

Notes
Turn   | Place    | Note
-------+----------+-------------------------------------------
     0 | D:1      | Borgoz the Ghoul Gladiator began the quest for the Orb.
     0 | D:1      | Reached XP level 1. HP: 17/17 MP: 0/0
   267 | D:1      | Reached XP level 2. HP: 24/24 MP: 1/1
   516 | D:1      | Reached skill level 3 in Long Blades
   562 | D:1      | Reached skill level 1 in Armour
   800 | D:1      | Reached XP level 3. HP: 25/30 MP: 2/2
  1439 | D:2      | Reached XP level 4. HP: 37/37 MP: 3/3
  1863 | D:2      | Found a shadowy altar of Dithmenos.
  1993 | D:2      | Became a worshipper of Dithmenos the Shadowed
  2366 | D:3      | Found an ancient bone altar of Kikubaaqudgha.
  2409 | D:3      | Reached XP level 5. HP: 29/45 MP: 4/4
  2592 | D:3      | Found a radiant altar of Vehumet.
  2701 | D:3      | Found a stormy altar of Qazlal.
  2759 | D:3      | Found a bloodstained altar of Trog.
  3447 | D:4      | Reached skill level 4 in Long Blades
  3454 | D:4      | Reached XP level 6. HP: 28/51 MP: 5/5
  3853 | D:5      | Entered Level 5 of the Dungeon
  3996 | D:5      | Found the +9 staff of Olgreb {rPois∞}
  3998 | D:5      | Found a runed translucent door.
  4045 | D:5      | Reached * piety under Dithmenos
  4227 | D:5      | Noticed a soldier ant
  4227 | D:5      | Noticed a soldier ant
  4228 | D:5      | Found a runed translucent gate.
  4228 | D:5      | Found a runed translucent gate.
  4242 | D:5      | Found a runed translucent gate.
  4244 | D:5      | Noticed a water moccasin
  4251 | D:5      | Found a runed translucent door.
  4397 | D:5      | Identified the +2 kite shield "Arecus" {rF- rN+++ Will+
                  | Str+10}
  4546 | D:5      | Identified the ring of Hoboq {rC+ Str+2}
  4576 | D:5      | Reached XP level 7. HP: 42/58 MP: 6/6
  4850 | D:5      | Found a transporter.
  4878 | D:5      | Noticed Wendigo's ghost (novice VSBr)
  5181 | D:5      | Found a transporter.
  5353 | D:5      | Killed a soldier ant
  5361 | D:5      | Reached skill level 5 in Long Blades
  5397 | D:5      | Killed a soldier ant
  5398 | D:5      | Reached XP level 8. HP: 19/67 MP: 7/7
  5702 | D:5      | Slain by a killer bee

Illustrated notes

Levels and vault maps discovered:
D:1:      elethiomel_arrival_quiet, layout_loops_corners
D:2:      layout_basic, nicolae_dithmenos_through_a_glass_darkly
D:3:      layout_basic, grunt_temple_overflow_open,
          nicolae_overflow_crystal_walls, bloody_trog
D:4:      layout_cave_pools
D:5:      layout_basic, gammafunk_ghost_gnarly_gnolls,
          minmay_guarded_unrand_staff_of_olgreb

Skill      XL: |  1  2  3  4  5  6  7 |
---------------+----------------------+-----
Long Blades    | 3 4 5 |  5.8
Armour         | 1 2 3 4 |  4.8
Dodging        | 3 4 |  4.5
Fighting       | 3 4 |  4.8
Throwing       | |  1.7

Action                   |  1- 3 |  4- 6 |  7- 9 || total
-------------------------+-------+-------+-------++-------
Melee: Long sword        |   114 |   250 |   117 ||   481
Throw: Throwing net      |       |       |     3 ||     3
  Use: Potion            |       |     5 |     6 ||    11
       Scroll            |       |     5 |     3 ||     8
 Stab: Sleeping          |       |     1 |       ||     1
       Held in net/web   |       |       |     1 ||     1
Armor: Leather armour    |    29 |    66 |    16 ||   111
Dodge: Dodged            |    84 |   235 |   127 ||   446
       Rpst.: Long sword |    28 |    65 |    37 ||   130
